 Dungeon Crawl Stone Soup version 0.19-a0-1587-gaef70b6 (webtiles) character file.

13886 Ijustatesigmund the Epochal (level 11, -12/64 HPs)
             Began as a Deep Elf Wizard on Sept 16, 2016.
             Was an Elder of Cheibriados.
             Mangled by an orc knight
             ... wielding a +3 war axe
              (25 damage)
             ... on level 1 of the Orcish Mines.
             The game lasted 01:38:59 (17838 turns).

Ijustatesigmund the Epochal (Deep Elf Wizard)      Turns: 17838, Time: 01:39:00

Health: -12/64     AC: 14    Str: 13    XL:     11   Next: 81%
Magic:  1/32       EV: 24    Int: 33    God:    Cheibriados [****..]
Gold:   739        SH:  0    Dex: 30    Spells: 6 memorised, 10 levels left

rFire  . . .     SeeInvis .     U - +2 short sword (venom)
rCold  . . .     Gourm    .     W - +2 robe {MR+}
rNeg   . . .     Faith    +     (no shield)
rPois  +         Spirit   .     y - +2 hat
rElec  .         Dismiss  .     l - +2 cloak
rCorr  .         Reflect  .     C - +0 pair of gloves
MR     ++...     Harm     .     t - +1 pair of boots
Stlth  +++++.....               p - amulet of faith
                                S - ring of wizardry
                                o - ring of magical power

@: agile, regenerating, repel missiles, very slow
A: molten scales 1, poison resistance
a: Bend Time, Temporal Distortion, Slouch, Renounce Religion


You were on level 1 of the Orcish Mines.
You worshipped Cheibriados.
Cheibriados was greatly pleased with you.
You were hungry.

You visited 4 branches of the dungeon, and saw 14 of its levels.

You collected 916 gold pieces.
You spent 177 gold pieces at shops.

Inventory:

Hand Weapons
 f - a +0 short sword
 B - a +3 dagger
 U - a +2 short sword of venom (weapon)
 V - a +0 vampiric war axe
Missiles
 n - 8 curare-tipped needles
 R - 3 poisoned tomahawks (quivered)
Armour
 j - a +2 robe of magic resistance
 l - a +2 cloak (worn)
 t - a +1 pair of boots (worn)
 v - a +0 shield
 y - a +2 hat (worn)
 C - a +0 pair of gloves (worn)
 W - a +2 robe of magic resistance (worn)
 X - a troll hide
Magical Staves
 E - an uncursed staff of cold {unknown}
Jewellery
 o - a ring of magical power (left hand)
 p - an amulet of faith (around neck)
 u - an uncursed ring of fire
 S - a ring of wizardry (right hand)
Wands
 k - a wand of polymorph (3/24)
 m - a wand of iceblast (1/15)
 q - a wand of iceblast (6/15)
 w - a wand of disintegration (5/24)
 x - a wand of confusion (3/48)
 F - a wand of polymorph (3/24)
 J - a wand of iceblast (0/15)
 L - a wand of iceblast (0/15)
 M - a wand of confusion (24/48)
 O - a wand of iceblast (0/15)
Scrolls
 e - 5 scrolls of remove curse
 K - a scroll of immolation
 T - a scroll of amnesia
Potions
 b - 2 potions of lignification
 d - a potion of brilliance
 g - 3 potions of cure mutation
 h - a potion of resistance
 z - a potion of curing
 D - 2 potions of flight
 H - a potion of haste
Books
 c - a book of Minor Magic

   Spells                             Type                      Level
   a - Magic Dart                     Conjuration                  1
   b - Blink                          Translocation                2
   c - Call Imp                       Summoning                    2
   d - Repel Missiles                 Charms/Air                   2
   e - Slow                           Hexes                        2
   f - Conjure Flame                  Conjuration/Fire             3
   g - Mephitic Cloud                 Conjuration/Poison/Air       3
 G - a book of Battle

   Spells                             Type                      Level
   a - Infusion                       Charms                       1
   b - Shroud of Golubria             Charms/Translocation         2
   c - Song of Slaying                Charms                       2
   d - Spectral Weapon                Hexes/Charms                 3
   e - Regeneration                   Charms/Necromancy            3
 I - a book of Ice

   Spells                             Type                      Level
   a - Ice Form                       Ice/Transmutation            4
   b - Metabolic Englaciation         Hexes/Ice                    5
   c - Ozocubu's Refrigeration        Ice                          6
   d - Bolt of Cold                   Conjuration/Ice              6
   e - Freezing Cloud                 Conjuration/Ice/Air          6
   f - Simulacrum                     Ice/Necromancy               6
Comestibles
 i - 2 meat rations
 s - 3 chunks of flesh
 A - a bread ration
 N - 5 fruits


   Skills:
 + Level 5.4 Fighting
 - Level 2.2 Short Blades
 - Level 6.9 Dodging
 - Level 5.0 Stealth
 - Level 7.0 Spellcasting
 + Level 9.5 Conjurations
 - Level 6.6 Charms
   Level 1.1 Summonings
 - Level 5.1 Necromancy
 - Level 5.0 Translocations
 - Level 4.6 Fire Magic
 - Level 4.1 Air Magic
 - Level 3.2 Poison Magic
 - Level 9.6 Invocations


You had 10 spell levels left.
You knew the following spells:

 Your Spells              Type           Power        Failure   Level  Hunger
a - Magic Dart            Conj           ####         1%          1    None
b - Blink                 Tloc           N/A          1%          2    None
c - Repel Missiles        Chrm/Air       #####.       1%          2    None
d - Conjure Flame         Conj/Fire      ######..     1%          3    None
e - Mephitic Cloud        Conj/Pois/Air  #####...     1%          3    None
f - Regeneration          Chrm/Necr      ######....   1%          3    None


Dungeon Overview and Level Annotations

Branches:
Dungeon (10/15)            Temple (1/1) D:7            Lair (1/6) D:9
    Orc (2/2) D:10            Elf (0/3) Orc:2

Altars:
Ashenzari
Cheibriados
Dithmenos
Elyvilon
Fedhas
Gozag
Hepliaklqana
Kikubaaqudgha
Makhleb
Nemelex Xobeh
Okawaru
Qazlal
Ru
Sif Muna
Trog
Uskayaw
Vehumet
Xom
Yredelemnul
Zin
The Shining One
Beogh

Shops:
D:6 *   Orc:1 =?[?   Orc:2 }


Innate Abilities, Weirdness & Mutations

You are partially covered in molten scales. (AC +2)
Your system is resistant to poisons. (rPois)


Message History

The stone giant barely misses you.
You are feeling hungry.
The orc knight barely misses you. The stone giant barely misses you.
Casting: Blink
Confirm with . or Enter, or press ? or * to list all spells.
You blink.
Casting: Blink
Confirm with . or Enter, or press ? or * to list all spells.
You don't know that spell.
Evoke which item? (* to show all) (? for menu, Esc to quit)
Zapping:
x - a wand of confusion {zapped: 5} (will waste charges)
Press: ? - help, Shift-Dir - straight line, f - orc knight, p - orc knight
Aim: an orc knight, wielding an enchanted war axe and wearing a chain mail (heavily wounded, chance to defeat MR: 28%)
The orc knight easily resists.
Evoking this partially-identified wand wasted a few charges.
The orc knight hits you with an enchanted war axe!!
* * * LOW HITPOINT WARNING * * *
The stone giant closely misses you.
The orc knight hits you with an enchanted war axe!!
You die...

#......#.........#.........#...#
##......#...................#..#
#.#....#........>..........#...##
................................#
.....#...........#..............#
..#..#...........................
...............)..).)......##.o..
#.##.#.#....#..oC...)...)...#.#o.
####.##.#.......@................
#...............).o...)........
##.#.....)...[..)..)...#......#
###....[.[..).[......).....###
#.......#.[.<).............#
##.#.#.####.#..[......#...##
#...#### ###.#.##....##)## ##.##
#...#####.##...# ### ##.##
#####..##


You could see a stone giant and 2 orc knights.

Vanquished Creatures
  A centaur warrior (D:9)
  An orc high priest (D:10)
  A hill giant (D:10)
  3 orc sorcerers (Orc:1)
  Maurice (D:8)
  A rime drake (Lair:1)
  A komodo dragon (Lair:1)
  3 trolls
  6 hippogriffs
  A wyvern (D:9)
  4 yaks (D:10)
  A hungry ghost (D:10)
  3 wargs
  The ghost of B1inky the Slasher, an amateur OpMo (D:4)
  2 hell hounds (D:9)
  A water moccasin (D:10)
  15 orc warriors
  2 ice beasts
  A phantom (D:10)
  8 ogres
  2 necrophages
  A crocodile (Lair:1)
  2 wolves (Lair:1)
  A centaur (D:8)
  8 big kobolds
  12 bullfrogs
  4 gnoll sergeants (D:10)
  A wyvern zombie (D:8)
  A scorpion (D:7)
  17 killer bees
  7 howler monkeys
  A crimson imp (D:7)
  A bullfrog zombie (D:9)
  2 quasits
  2 hounds (D:7)
  8 orc priests
  A jelly (D:6)
  9 orc wizards
  A bullfrog skeleton (D:6)
  4 iguanas
  9 worker ants
  4 killer bee zombies
  2 hound skeletons
  3 worker ant zombies
  Robin (D:2)
  17 gnolls
  15 adders
  A shadow imp (D:6)
  An adder zombie (D:8)
  An adder skeleton (D:9)
  5 worms
  3 dart slugs
  6 leopard geckos
  41 orcs
  11 bats
  6 giant cockroaches
  35 goblins
  32 hobgoblins
  10 jackals
  25 kobolds
  6 quokkas
  2 ball pythons
  11 frilled lizards
  A jackal skeleton (D:4)
  A leopard gecko skeleton (D:5)
  A quokka skeleton (D:9)
  7 rats
399 creatures vanquished.

Vanquished Creatures (collateral kills)
  2 killer bees (D:7)
2 creatures vanquished.

Vanquished Creatures (others)
  A killer bee (D:10)
  An orc (D:9)
  2 fungi (Lair:1)
4 creatures vanquished.

Grand Total: 405 creatures vanquished

Notes
Turn   | Place    | Note
-------+----------+-------------------------------------------
     0 | D:1      | Ijustatesigmund the Deep Elf Wizard began the quest for the Orb.
     0 | D:1      | Reached XP level 1. HP: 10/10 MP: 7/7
   205 | D:1      | Reached XP level 2. HP: 15/15 MP: 7/9
   457 | D:1      | Learned a level 2 spell: Blink
   460 | D:1      | Learned a level 2 spell: Repel Missiles
  1084 | D:1      | Reached XP level 3. HP: 19/19 MP: 7/10
  1258 | D:2      | Found an ancient bone altar of Kikubaaqudgha.
  1434 | D:2      | Noticed Robin
  1524 | D:3      | Reached skill level 1 in Short Blades
  1600 | D:3      | Reached XP level 4. HP: 21/24 MP: 8/12
  1605 | D:3      | Learned a level 3 spell: Conjure Flame
  1609 | D:3      | Learned a level 3 spell: Mephitic Cloud
  1788 | D:2      | Gained mutation: Your system is resistant to poisons. (rPois) [potion of beneficial mutation]
  1789 | D:2      | Gained mutation: You are partially covered in molten scales. (AC +2) [potion of beneficial mutation]
  2139 | D:2      | Killed Robin
  2507 | D:3      | Found a snail-covered altar of Cheibriados.
  2537 | D:3      | Found a faded altar of an unknown god.
  2719 | D:3      | Reached XP level 5. HP: 28/28 MP: 11/13
  2771 | D:4      | Noticed an ogre
  2998 | D:4      | Noticed an ogre
  3729 | D:3      | Reached skill level 1 in Fighting
  3797 | D:2      | Found a sacrificial altar of Ru.
  4237 | D:2      | Reached XP level 6. HP: 32/34 MP: 2/14
  4898 | D:3      | Reached skill level 5 in Conjurations
  5077 | D:3      | Reached skill level 5 in Spellcasting
  5081 | D:3      | Reached XP level 7. HP: 28/39 MP: 4/16
  5610 | D:4      | Found a sparkling altar of Nemelex Xobeh.
  5681 | D:4      | Noticed B1inky's ghost (amateur OpMo)
  5824 | D:4      | Reached skill level 1 in Air Magic
  5824 | D:4      | Reached skill level 1 in Poison Magic
  6336 | D:4      | Killed B1inky's ghost
  6988 | D:4      | Reached XP level 8. HP: 37/44 MP: 19/19
  7169 | D:5      | Entered Level 5 of the Dungeon
  8194 | D:6      | Found Linnavvi's General Store.
  8203 | D:6      | Bought a scroll of remove curse for 30 gold pieces
  8203 | D:6      | Bought a scroll of teleportation for 30 gold pieces
  8695 | D:6      | Reached skill level 5 in Dodging
  8841 | D:6      | Found a bloodstained altar of Trog.
  8953 | D:7      | Noticed a hippogriff
  8965 | D:7      | Killed a hippogriff
  9097 | D:7      | Reached XP level 9. HP: 52/52 MP: 17/21
  9297 | D:7      | Found a staircase to the Ecumenical Temple.
  9306 | Temple   | Entered the Ecumenical Temple
  9958 | D:7      | Reached skill level 1 in Fire Magic
 10867 | D:8      | Reached skill level 5 in Stealth
 10998 | D:8      | Reached skill level 5 in Translocations
 11395 | D:8      | Noticed Maurice
 11413 | D:8      | Killed Maurice
 11737 | D:8      | Learned a level 3 spell: Regeneration
 11938 | D:8      | Reached XP level 10. HP: 58/58 MP: 16/22
 12027 | D:8      | Reached skill level 1 in Charms
 12027 | D:8      | Reached skill level 1 in Necromancy
 12252 | D:3      | Became a worshipper of Cheibriados the Contemplative
 12650 | D:9      | Found an iron altar of Okawaru.
 12687 | D:9      | Noticed a centaur warrior
 12702 | D:9      | HP: 1/58 [centaur warrior (14)]
 13134 | D:9      | Found a staircase to the Lair.
 13156 | Lair:1   | Entered Level 1 of the Lair of Beasts
 13186 | Lair:1   | Reached * piety under Cheibriados
 13623 | Lair:1   | Reached skill level 5 in Charms
 13800 | Lair:1   | Noticed an eight-headed hydra
 13857 | D:9      | Killed a centaur warrior
 13904 | D:9      | Reached skill level 5 in Necromancy
 14249 | D:9      | Found a basalt altar of Yredelemnul.
 14258 | D:9      | Found an opulent altar of Gozag.
 14260 | D:9      | Reached skill level 1 in Invocations
 14481 | D:10     | Entered Level 10 of the Dungeon
 14483 | D:10     | Reached ** piety under Cheibriados
 14732 | D:10     | Noticed a hill giant
 14742 | D:10     | Killed a hill giant
 14759 | D:10     | Reached XP level 11. HP: 58/62 MP: 3/23
 14824 | D:10     | Reached skill level 5 in Invocations
 14830 | D:10     | Reached *** piety under Cheibriados
 15774 | D:10     | Reached **** piety under Cheibriados
 15934 | D:10     | Found a staircase to the Orcish Mines.
 16086 | Orc:1    | Entered Level 1 of the Orcish Mines
 16089 | Orc:1    | Noticed an orc high priest
 16117 | Orc:1    | Noticed an orc sorcerer
 16336 | D:10     | Killed an orc high priest
 16475 | Orc:1    | Killed an orc sorcerer
 16669 | Orc:1    | Found a roughly hewn altar of Beogh.
 16767 | Orc:1    | Found Liebb's Jewellery Boutique.
 16867 | Orc:1    | Found Ixecero's Armour Boutique.
 16901 | Orc:1    | You fall through a shaft!
 16901 | Orc:2    | Entered Level 2 of the Orcish Mines
 16904 | Orc:2    | Found a staircase to the Elven Halls.
 16910 | Orc:2    | Noticed an orc sorcerer
 16932 | Orc:1    | Reached ***** piety under Cheibriados
 16940 | Orc:1    | Killed an orc sorcerer
 16950 | Orc:1    | Noticed a stone giant
 16964 | Orc:1    | Found Lulic's Magic Scroll Shoppe.
 16972 | Orc:1    | Found Tuuggowo's Magic Scroll Emporium.
 17105 | Orc:2    | Noticed an orc knight
 17203 | Orc:2    | Found Natygema's Gadget Shop.
 17489 | Orc:1    | Bought a scroll of teleportation for 45 gold pieces
 17507 | Orc:1    | Bought a scroll of identify for 36 gold pieces
 17507 | Orc:1    | Bought a scroll of identify for 36 gold pieces
 17533 | Orc:1    | Noticed an orc sorcerer
 17542 | Orc:1    | Reached skill level 5 in Fighting
 17542 | Orc:1    | Killed an orc sorcerer
 17808 | Orc:1    | Noticed an orc knight
 17813 | Orc:1    | Noticed an orc knight
 17838 | Orc:1    | Mangled by an orc knight

Vault maps used:
D:1:      mrwooster_arrival_statue_2, minmay_lizard_pond
D:2:      kiku_gazebo_garden_becter, nicolae_overflow_hidden_temple, uniq_robin
D:3:      minmay_goblin_kobold_castle, nicolae_overflow_crystal_walls,
          ecumenical_altar_2
D:4:      nemelex_xobeh_ov_fountains_minmay, first_bread
D:6:      serial_shops, shop_fountains, lemuel_tele_altar
D:8:      uniq_maurice
D:9:      marbit_many_paths, amethyst_overflow_temple_binary,
          minmay_lair_entry_lava
D:10:     kennysheep_orc_monster_closet_entryway, enter_trove_3, uniq_grum
Temple:   eino_temple_water
Lair:1:   grunt_megastairs_1
Orc:1:    serial_shops, nicolae_shop_temple_entry_statues_fountains, shop, shop,
          shop, nicolae_orc_lost_temple
Orc:2:    st_orc_open, serial_shops,
          nicolae_shop_temple_entry_statues_fountains, mines1_david

Skill      XL: |  1  2  3  4  5  6  7  8  9 10 11 |
---------------+----------------------------------+-----
Conjurations   | 2 3 4 5 6 7 8 9 |  9.5
Short Blades   | 1 2 |  2.2
Dodging        | 3 6 |  6.9
Fighting       | 1 3 4 5 |  5.4
Translocations | 2 3 5 |  5.0
Spellcasting   | 5 6 7 |  7.0
Air Magic      | 2 3 4 |  4.1
Poison Magic   | 2 3 |  3.2
Stealth        | 5 |  5.0
Fire Magic     | 4 |  4.6
Charms         | 6 |  6.6
Necromancy     | 5 |  5.1
Invocations    | 4 9 |  9.6
Summonings     | |  1.1

Action                   |  1- 3 |  4- 6 |  7- 9 | 10-12 || total
-------------------------+-------+-------+-------+-------++-------
Melee: Short sword       |    21 |    30 |    26 |   123 ||   200
       Dagger            |       |       |     9 |    42 ||    51
       Unarmed           |       |       |     6 |       ||     6
Throw: Tomahawk          |       |       |       |     2 ||     2
 Cast: Magic Dart        |    82 |   244 |   511 |   609 ||  1446
       Repel Missiles    |     1 |     2 |     3 |     2 ||     8
       Blink             |     1 |     1 |    10 |    20 ||    32
       Mephitic Cloud    |       |       |    16 |    86 ||   102
       Conjure Flame     |       |       |     5 |    10 ||    15
       Regeneration      |       |       |       |     9 ||     9
Invok: Slouch            |       |       |       |     3 ||     3
       Step From Time    |       |       |       |     1 ||     1
       Bend Time         |       |       |       |     1 ||     1
Evoke: Wand              |       |       |       |    20 ||    20
  Use: Scroll            |     2 |     5 |    18 |     7 ||    32
       Potion            |       |     2 |     2 |     8 ||    12
 Stab: Sleeping          |       |       |     1 |     2 ||     3
       Invisible         |       |       |     4 |       ||     4
       Confused          |       |       |     1 |    16 ||    17
  Eat: Chunk             |     2 |     6 |    10 |     8 ||    26
       Bread ration      |       |     1 |     1 |       ||     2
       Meat ration       |       |       |     1 |       ||     1
       Beef jerky        |       |       |     1 |     1 ||     2
       Pizza             |       |       |       |     1 ||     1
       Fruit             |       |       |       |     1 ||     1
Armor: Robe              |    15 |    29 |    95 |    81 ||   220
       Skin              |       |       |     1 |       ||     1
Dodge: Dodged            |    20 |   100 |   214 |   283 ||   617
       Deflected         |     3 |     6 |     5 |     6 ||    20
